Map: Jagannatha LE

Players

Rises - Winner!

  • Race: Zerg Zerg
  • League: Master
  • Spawn Location: 1:00

Whitelinker

  • Race: Protoss Protoss
  • League: Master
  • Spawn Location: 7:00

VOD

Have the link to the VOD?

Description

Time

  • Played on: Jan. 22, 2021, 3:05 p.m.
  • Length: 16:18
Show
View Real Time Build Order
Export as new Build Order

Rises Zerg - Winner!

Build Orders: Hatch First, Lurkers, Roach Hydra 

Get SALT Encoding   

  12  0:00  Drone  
  13  0:12  Overlord  
  13  0:16  Drone  
  14  0:30  Drone x2  
  16  0:49  Hatchery  
  15  0:52  Drone  
  15  0:55  Drone  
  17  0:58  Drone  
  18  1:09  Extractor  
  17  1:14  Spawning Pool  
  17  1:17  Drone  
  17  1:20  Drone  
  18  1:27  Drone  
  19  1:38  Drone  
  20  1:48  Overlord  
  20  2:01  Queen x2  
  20  2:02  Zergling x4  
  26  2:10  Drone  
  26  2:11  Drone  
  28  2:16  Metabolic Boost  
  30  2:22  Drone x2  
  30  2:34  Hatchery  
  29  2:38  Drone  
  29  2:42  Drone  
  29  2:43  Drone  
  32  2:46  Overlord  
  32  2:53  Queen  
  32  2:55  Drone  
  35  3:01  Zergling x2  
  36  3:06  Zergling x4  
  38  3:17  Drone x4  
  42  3:25  Drone  
  42  3:27  Overlord  
  43  3:34  Overlord  
  43  3:38  Drone  
  44  3:47  Queen  
  46  3:49  Queen  
  46  3:50  Overlord x2  
  46  3:52  Drone x2  
  46  3:53  Drone  
  51  3:56  Roach Warren  
  51  3:58  Lair  
  50  4:05  Drone x3  
  53  4:10  Spore Crawler, Drone  
  53  4:12  Spore Crawler, Drone  
  53  4:23  Drone x6  
  59  4:35  Queen x2  
  59  4:38  Extractor  
  62  4:39  Extractor  
  62  4:40  Drone x3  
  64  4:56  Drone x3  
  64  4:57  Drone x7  
  74  5:02  Overlord x2  
  74  5:06  Spore Crawler  
  72  5:09  Drone  
  73  5:21  Overseer  
  73  5:23  Drone x10  
  83  5:29  Extractor  
  83  5:30  Extractor  
  83  5:31  Glial Reconstitution, Hydralisk Den  
  83  5:33  Evolution Chamber  
  80  5:35  Drone  
  80  5:37  Drone x4  
  80  5:39  Drone x2  
  86  5:47  Overlord x2  
  86  5:52  Overlord x2  
  86  6:01  Extractor  
  85  6:11  Zerg Missile Weapons Level 1, Muscular Augments  
  85  6:14  Overlord x3  
  85  6:15  Roach x4  
  85  6:17  Overseer  
  93  6:19  Hatchery  
  93  6:21  Hydralisk x2  
  96  6:48  Roach x5  
  96  6:49  Roach x5  
  117  6:57  Queen x2  
  117  6:58  Queen  
  117  6:59  Roach  
  123  7:05  Hatchery  
  123  7:06  Roach x2  
  123  7:07  Ravager x4  
  130  7:15  Roach x3  
  136  7:17  Ravager  
  137  7:23  Grooved Spines  
  137  7:26  Overlord x7  
  137  7:29  Overlord x2  
  137  7:45  Hatchery  
  137  7:46  Roach x5  
  146  8:06  Hydralisk  
  146  8:07  Hydralisk x5  
  158  8:14  Zerg Missile Weapons Level 2  
  158  8:17  Hydralisk x8  
  158  8:18  Infestation Pit  
  173  8:38  Hydralisk x6  
  173  8:39  Hydralisk  
  158  9:13  Roach x16  
  170  9:23  Roach x2  
  158  9:26  Queen  
  158  9:27  Drone x3  
  163  9:39  Roach x6  
  162  9:49  Roach x4  
  151  9:57  Roach x12  
  169  10:00  Roach  
  169  10:02  Hive  
  157  10:10  Roach x4  
  157  10:11  Roach  
  151  10:16  Hydralisk  
  151  10:17  Hydralisk x2  
  151  10:28  Lurker Den  
  150  10:32  Hydralisk x4  
  158  10:43  Hydralisk  
  158  10:44  Hydralisk x2  
  164  10:55  Hydralisk x3  
  164  10:56  Hydralisk  
  172  11:00  Hydralisk  
  174  11:10  Hydralisk x2  
  174  11:11  Hydralisk x2  
  174  11:26  Hydralisk x5  
  174  11:31  Roach x2  
  116  11:41  Hydralisk x3  
  116  11:44  Seismic Spines  
  108  11:49  Drone  
  108  11:50  Drone x17, Extractor  
  108  11:51  Extractor  
  124  12:02  Lurker x2  
  124  12:03  Lurker  
  124  12:05  Hatchery  
  116  12:18  Lurker x5  
  122  12:36  Lurker  
  121  12:37  Lurker x3  
  121  12:38  Hatchery, Extractor  
  121  12:42  Extractor  
  118  12:55  Lurker x2  
  118  12:57  Hydralisk x5  
  130  13:04  Drone x3  
  130  13:05  Drone x3  
  136  13:08  Hydralisk x5  
  136  13:11  Hydralisk  
  148  13:18  Adaptive Talons  
  148  13:25  Hydralisk x3  
  154  13:34  Hydralisk x5  
  164  13:46  Hydralisk x5  
  174  13:49  Hydralisk x2  
  174  13:53  Zergling x32  
  174  13:54  Zergling x12  
  190  14:48  Hydralisk  
  190  14:49  Hydralisk x4  
  179  15:00  Hydralisk  
  179  15:01  Hydralisk x9  
  196  15:13  Hydralisk  
  196  15:14  Hydralisk x17  
  171  15:19  Hydralisk  
  171  15:20  Hydralisk x8  
  185  15:23  Hydralisk  
  185  15:24  Hydralisk  
  174  15:32  Queen  
  170  15:41  Lurker x2  
  170  15:42  Lurker x2  
  174  15:44  Overseer  
  174  15:45  Overseer  
  174  15:47  Overseer  
  174  15:51  Lurker  
  175  15:59  Lurker x2  
Show
View Real Time Build Order
Export as new Build Order

Whitelinker Protoss 

Build Orders: 1 Gate Expand, Oracle Opening, Chargelot Immortal 

Get SALT Encoding   

  12  0:00  Probe  
  13  0:12  Probe  
  14  0:18  Pylon  
  14  0:24  Probe (Chrono Boost)  
  15  0:36  Probe (Chrono Boost)  
  15  0:39  Gateway  
  16  0:45  Probe (Chrono Boost)  
  16  0:48  Assimilator  
  17  0:52  Probe  
  18  1:04  Probe  
  19  1:16  Probe  
  20  1:27  Nexus  
  20  1:39  Cybernetics Core  
  20  1:43  Probe  
  21  1:50  Assimilator  
  21  1:55  Probe  
  21  1:57  Pylon  
  22  2:08  Probe  
  23  2:13  Adept (Chrono Boost)  
  23  2:22  Stargate  
  25  2:24  Probe  
  25  2:28  Warp Gate  
  26  2:35  Adept  
  26  2:36  Probe  
  29  2:39  Probe  
  30  2:48  Probe  
  31  2:51  Probe  
  31  2:52  Gateway  
  32  3:00  Probe  
  32  3:02  Void Ray (Chrono Boost)  
  32  3:03  Probe  
  34  3:12  Probe  
  39  3:16  Probe  
  40  3:28  Pylon  
  40  3:30  Probe  
  42  3:38  Oracle  
  44  3:44  Probe x2  
  44  3:47  Robotics Facility  
  46  3:51  Assimilator  
  46  3:54  Assimilator  
  46  3:56  Probe x2  
  48  4:09  Nexus  
  48  4:10  Pylon  
  48  4:11  Pylon  
  48  4:21  Probe x2  
  48  4:23  Sentry  
  48  4:24  Sentry  
  54  4:27  Pylon  
  54  4:33  Probe x2  
  54  4:35  Immortal (Chrono Boost)  
  60  4:45  Probe x2  
  62  4:47  Sentry  
  62  4:48  Sentry  
  66  4:57  Probe x2  
  68  5:04  Immortal (Chrono Boost)  
  68  5:09  Twilight Council  
  68  5:11  Forge  
  68  5:13  Probe x2  
  74  5:26  Probe x2  
  74  5:27  Probe  
  77  5:33  Pylon  
  77  5:36  Immortal  
  77  5:38  Probe x2, Protoss Ground Weapons Level 1  
  83  5:46  Charge (Chrono Boost)  
  83  5:56  Probe x2, Zealot x2  
  89  5:57  Probe  
  89  6:00  Gateway  
  89  6:02  Gateway  
  90  6:08  Probe  
  91  6:16  Observer  
  92  6:18  Stalker x2  
  96  6:28  Probe x2  
  96  6:32  Gateway  
  98  6:34  Gateway  
  98  6:36  Templar Archives  
  98  6:37  Gateway, Probe  
  98  6:38  Gateway  
  99  6:40  Probe  
  99  6:41  Probe, Pylon  
  101  6:59  Probe x3  
  104  7:04  Pylon  
  104  7:06  Pylon  
  104  7:09  Pylon  
  104  7:10  Zealot x2  
  104  7:11  Probe  
  109  7:20  Psionic Storm  
  109  7:22  Probe x2  
  111  7:28  Blink  
  111  7:30  High Templar x4  
  119  7:39  Zealot x2  
  119  7:40  Zealot x2  
  119  7:44  Assimilator  
  127  7:45  Pylon  
  127  7:46  Assimilator  
  127  7:48  Protoss Ground Weapons Level 2 (Chrono Boost)  
  127  7:55  Probe x3, Forge  
  127  7:57  Nexus  
  127  7:58  Shield Battery  
  130  7:59  Pylon  
  130  8:00  Photon Cannon, Pylon  
  130  8:02  Photon Cannon  
  130  8:03  Photon Cannon  
  130  8:06  Photon Cannon  
  130  8:07  Probe x3  
  130  8:11  Zealot  
  130  8:12  Zealot x2  
  139  8:19  Zealot x3  
  145  8:21  Sentry x2  
  145  8:22  Probe x2  
  145  8:23  Probe  
  152  8:27  Protoss Ground Armor Level 1 (Chrono Boost)  
  152  8:46  Zealot  
  154  8:49  High Templar  
  121  9:10  Zealot  
  121  9:11  Zealot x6  
  118  9:22  Zealot  
  118  9:23  Immortal  
  112  9:32  Zealot, Archon  
  112  9:33  Zealot x6  
  124  9:43  Void Ray  
  106  9:57  Zealot x7  
  108  10:02  Immortal  
  108  10:06  Probe x3  
  86  10:16  Protoss Ground Weapons Level 3 (Chrono Boost)  
  86  10:19  Zealot x7  
  92  10:22  Probe x3  
  92  10:23  Void Ray  
  95  10:31  Protoss Ground Armor Level 2 (Chrono Boost)  
  99  10:35  High Templar x2  
  99  10:36  High Templar x2  
  107  10:48  Gateway, Cybernetics Core  
  107  10:52  Gateway  
  107  10:53  High Templar x2  
  107  10:54  Zealot  
  113  10:58  Immortal, Pylon  
  117  11:07  Archon  
  117  11:09  Zealot x4  
  117  11:10  Probe  
  117  11:11  Probe x3  
  129  11:22  Zealot  
  129  11:26  Stalker x2  
  111  11:36  Archon  
  111  11:37  Zealot x4, Archon  
  109  11:44  Probe x3  
  112  11:47  Zealot x3  
  112  11:51  Zealot x2  
  122  11:56  Probe x3  
  125  12:01  High Templar x4  
  133  12:15  Zealot x5  
  143  12:23  Immortal  
  147  12:38  Zealot x3  
  147  12:39  Zealot x2  
  157  12:53  Nexus  
  157  13:03  Protoss Ground Armor Level 3 (Chrono Boost)  
  157  13:04  Pylon  
  157  13:07  Pylon  
  157  13:09  Pylon  
  157  13:11  Protoss Shields Level 1 (Chrono Boost)  
  157  13:12  Pylon  
  157  13:23  Observer  
  150  13:35  Robotics Bay  
  150  13:36  Robotics Facility  
  150  13:38  Photon Cannon  
  150  13:42  Shield Battery x2  
  150  13:44  Observer  
  150  13:45  Zealot x5  
  150  13:46  Zealot, Photon Cannon  
  163  13:57  High Templar x2  
  167  14:18  Probe x4  
  166  14:42  High Templar x2  
  166  14:43  High Templar x2  
  174  14:48  Archon x2  
  167  14:58  Zealot x4  
  111  15:19  Zealot x4  
  111  15:20  Zealot x4  
  76  15:38  Assimilator  
  76  15:40  High Templar x3  
  76  15:41  High Templar x2  
  76  15:42  High Templar x3, Assimilator  
  92  15:45  Pylon  
  92  15:47  Archon x4  
  96  15:57  Photon Cannon  
  96  15:59  Photon Cannon  
  96  16:15  Zealot x8  
Tags
 
Add a new tag
Caveats
  • Supply blocks, unpowered buildings, or Contaminate may cause inaccurate times.
  • Supply counts are checked every 10 seconds.